 Dungeon Crawl Stone Soup version 0.17-a0-1718-g72dbe4d (console) character file.

17782 utis the Basher (level 12, -2/76 HPs)
             Began as a Kobold Artificer on Aug 26, 2015.
             Was a Priest of Trog.
             Slain by a fire elemental (6 damage)
             ... led by Azrael
             ... on level 12 of the Dungeon.
             The game lasted 01:10:20 (26039 turns).

utis the Basher (Kobold Artificer)                 Turns: 26039, Time: 01:10:20

Health: -2/76      AC: 27    Str: 13    XL:     12   Next: 86%
Magic:  19/19      EV:  4    Int: 10    God:    Trog [***...]
Gold:   687        SH:  0    Dex: 18    Spells: 0 memorised, 11 levels left

rFire  + . .     SeeInvis .     a - +1 morningstar
rCold  . . .     Clarity  .     n - +1 crystal plate armour
rNeg   . . .     SustAt   .     (shield restricted)
rPois  .         Gourm    .     K - +0 helmet
rElec  .         Spirit   .     l - +2 cloak {MR+}
rCorr  +         Warding  .     T - +0 pair of gloves
rMut   .         Stasis   .     O - +0 pair of boots
MR     +++..                    S - amulet of resist corrosion
Stlth  ..........               g - ring of protection from fire
                                j - ring of stealth

@: exhausted, regenerating, slowed, very slow, extremely resistant to hostile
enchantments, extremely unstealthy
A: carnivore 3
a: Burn Spellbooks, Berserk, Trog's Hand, Renounce Religion


You were on level 12 of the Dungeon.
You worshipped Trog.
Trog was most pleased with you.
You were full.

You visited 2 branches of the dungeon, and saw 13 of its levels.
You also visited: Bailey.

You collected 687 gold pieces.

Inventory:

Hand weapons
 a - a +1 morningstar (weapon)
Missiles
 p - 7 needles of slowing
 t - a throwing net {=f}
 B - 31 sling bullets
 E - 57 poisoned needles
 G - 282 stones (quivered)
 V - 4 large rocks
 Y - 9 tomahawks
Armour
 b - a +0 leather armour
 l - a +2 cloak of magic resistance (worn)
 n - a +1 crystal plate armour (worn)
 K - a +0 helmet (worn)
 L - a +0 chain mail
 M - a +0 cloak
 O - a +0 pair of boots (worn)
 T - a +0 pair of gloves (worn)
Jewellery
 g - a ring of protection from fire (right hand)
 j - a ring of stealth (left hand)
 s - an uncursed amulet of clarity
 C - an uncursed ring of ice
 F - an uncursed ring of fire
 N - an uncursed ring of magical power
 S - an amulet of resist corrosion (around neck)
Magical devices
 d - a wand of enslavement (16)
 k - a wand of frost (0)
 m - a wand of draining (6)
 v - a wand of enslavement (17)
 Q - a wand of polymorph (9)
 W - a wand of polymorph (4)
 Z - a wand of fire (0)
Scrolls
 i - a scroll of vulnerability {unknown}
 o - a scroll of fear {unknown}
 q - a scroll of enchant weapon
 r - 2 scrolls of fog
 u - a scroll of noise
 y - a scroll of recharging
 z - 6 scrolls of remove curse
 J - a scroll of amnesia {unknown}
 X - a scroll of summoning {unknown}
Potions
 c - a potion of might {unknown}
 h - a potion of magic
 x - a potion of poison {unknown}
 A - a potion of berserk rage {unknown}
 H - a potion of ambrosia
 I - 4 potions of lignification
Comestibles
 f - 7 meat rations
 w - 4 beef jerkies
 P - a slice of pizza
 U - a royal jelly


   Skills:
 + Level 9.5 Fighting
   Level 1.3 Short Blades
 * Level 12.4 Maces & Flails
 + Level 7.7 Armour
 - Level 7.1 Dodging
 - Level 1.3 Stealth
 + Level 10.1 Evocations


You had 11 spell levels left.
You didn't know any spells.

Dungeon Overview and Level Annotations

Branches:
Dungeon (12/15)            Temple (1/1) D:4            Lair (0/8) D:11
    Orc (0/4) D:11

Altars:
Ashenzari
Cheibriados
Dithmenos
Elyvilon
Fedhas
Gozag
Kikubaaqudgha
Makhleb
Nemelex Xobeh
Okawaru
Qazlal
Ru
Sif Muna
Trog
Vehumet
Xom
Yredelemnul
Zin
The Shining One

Annotations:
D:12 Azrael


Innate Abilities, Weirdness & Mutations

You are small and have problems with some larger weapons.
You are carnivorous and can eat meat at any time.


Message History

Unknown command.
Your crystal plate armour prevents you from hitting Azrael.
Azrael is moderately wounded.
The hell hound bites you!
* * * LOW HITPOINT WARNING * * *
The fire elemental barely misses you.
The hell hound bites you but does no damage.
Azrael hits you with a scimitar of flaming!
* * * LOW HITPOINT WARNING * * *
Azrael burns you.
* * * LOW HITPOINT WARNING * * *
The hell hound bites you but does no damage.
The fire elemental hits you. The hell hound bites you.
* * * LOW HITPOINT WARNING * * *
Unknown command.
You puncture Azrael!
Azrael is moderately wounded.
The hell hound bites you but does no damage. x2
The fire elemental hits you. The fire elemental burns you! You resist.
You die...

▓...▓▓▓▓▓▓▓▓
▓.......➘..E
▓......➘....
▓...........
▓.....§.....
▓....▓▓▓▓▓▓▓▓
▓....▓.......
▓▓....'.......
▓..KR.▓.......
▓.Ehh.▓▓▓▓▓▓▓▓
▓..§.........
▓.......▓▓▓▓▓
▓▓......+
▓......▓
▓......▓
▓......▓▓▓▓▓
▓...§.......


You could see Azrael, a fire elemental and 2 hell hounds.

Vanquished Creatures
  Snorg (D:11)
  The ghost of Rayvis the Cleaver, an experienced MiFi of Makhleb (D:9)
  The ghost of lazykool the Destroyer, a powerful GrWz of Vehumet (D:10)
  A skeletal warrior (D:12)
  An orc knight (Bailey)
  A salamander (shapeshifter) (D:11)
  2 cyclopes (D:11)
  A centaur zombie (D:10)
  3 trolls
  Sigmund (D:5)
  24 yaks
  A deep elf mage (D:11)
  A spriggan (D:7)
  2 steam dragons (D:5)
  6 hippogriffs
  2 humans (D:7)
  A fire elemental (D:12)
  Edmund (D:6)
  3 sky beasts
  Duvessa (D:7)
  A water moccasin (D:9)
  2 necrophages
  6 ice beasts
  7 orc warriors
  3 black bears
  2 ogres
  4 phantoms
  9 centaurs
  A crocodile (D:11)
  Dowan (D:7)
  8 giant frogs
  5 scorpions
  18 wights
  8 killer bees (D:9)
  6 crimson imps
  A quasit (D:9)
  A giant frog zombie (D:11)
  2 jellies
  Crazy Yiuf (D:4)
  4 giant frog skeletons
  2 orc priests
  2 centaur skeletons
  5 hounds
  3 iguanas
  6 orc wizards
  Natasha (thrice) (D:3)
  8 worker ants
  A killer bee zombie (D:8)
  2 hound skeletons
  2 worker ant zombies
  7 gnolls
  A river rat (D:11)
  7 adders
  3 shadow imps
  4 adder skeletons
  4 giant geckos
  38 orcs
  12 bats
  5 giant cockroaches
  7 goblins
  10 hobgoblins
  22 jackals
  5 kobolds
  5 quokkas
  A ball python (D:4)
  A giant cockroach zombie (D:5)
  2 giant gecko skeletons (D:4)
  A giant gecko zombie (D:8)
  9 giant newts
  A jackal zombie (D:5)
  A quokka skeleton (D:6)
  15 rats
340 creatures vanquished.

Vanquished Creatures (collateral kills)
  A hound (D:4)
  An orc (D:4)
2 creatures vanquished.

Vanquished Creatures (others)
  A giant frog skeleton (D:10)
  A jackal (D:1)
  17 fungi (D:11)
  4 plants (D:11)
23 creatures vanquished.

Grand Total: 365 creatures vanquished

Notes
Turn   | Place    | Note
--------------------------------------------------------------
     0 | D:1      | utis the Kobold Artificer began the quest for the Orb.
     0 | D:1      | Reached XP level 1. HP: 12/12 MP: 3/3
   480 | D:1      | Reached skill level 1 in Maces & Flails
   480 | D:1      | Reached XP level 2. HP: 5/16 MP: 4/4
  1274 | D:1      | Reached XP level 3. HP: 20/20 MP: 5/5
  2824 | D:2      | You fall through a shaft for 2 floors!
  2963 | D:3      | Noticed Natasha
  3072 | D:2      | Reached XP level 4. HP: 22/25 MP: 6/6
  4013 | D:2      | Found a radiant altar of Vehumet.
  4029 | D:2      | Found a stormy altar of Qazlal.
  4029 | D:2      | Found an opulent altar of Gozag.
  4945 | D:3      | Killed Natasha
  4945 | D:3      | Reached skill level 4 in Maces & Flails
  4945 | D:3      | Reached XP level 5. HP: 23/29 MP: 7/7
  5857 | D:3      | You fall through a shaft for 3 floors!
  5857 | D:6      | Noticed Edmund
  5858 | D:6      | FUCK YOU!!
  5864 | D:5      | Entered Level 5 of the Dungeon
  6479 | D:4      | Reached skill level 5 in Maces & Flails
  6479 | D:4      | Reached XP level 6. HP: 24/34 MP: 8/8
  6650 | D:4      | Found a staircase to the Ecumenical Temple.
  6650 | D:4      | Noticed a giant frog
  6652 | D:4      | Noticed a scorpion
  6661 | D:4      | Killed a giant frog
  6709 | Temple   | Entered the Ecumenical Temple
  6799 | Temple   | Became a worshipper of Trog the Wrathful
  7023 | D:3      | Noticed Natasha
  7037 | D:3      | Killed Natasha
  7819 | D:3      | Noticed Natasha
  8129 | D:3      | Reached XP level 7. HP: 39/41 MP: 9/9
  8519 | D:3      | Killed Natasha
  8665 | D:4      | Killed a scorpion
  9400 | D:4      | Noticed Crazy Yiuf
  9413 | D:4      | Killed Crazy Yiuf
  9971 | D:4      | Reached skill level 1 in Armour
 10600 | D:5      | Noticed a phantom
 10947 | D:5      | Killed a phantom
 10947 | D:5      | Reached XP level 8. HP: 46/48 MP: 10/10
 11126 | D:5      | Got a twisted dagger
 11127 | D:5      | Identified the cursed +2 dagger of Analysis {drain, rElec rPois Str+6} (You found it on level 5 of the Dungeon)
 11222 | D:5      | Noticed Sigmund
 11248 | D:5      | Killed Sigmund
 11248 | D:5      | Reached skill level 5 in Dodging
 11299 | D:5      | Noticed a necrophage
 11323 | D:5      | Killed a necrophage
 11561 | D:5      | Acquired Trog's first power
 11604 | D:5      | Found a shadowy altar of Dithmenos.
 11660 | D:5      | Reached skill level 6 in Maces & Flails
 11805 | D:5      | Noticed a steam dragon
 12081 | D:5      | Killed a steam dragon
 12207 | D:5      | Noticed a steam dragon
 12241 | D:5      | Killed a steam dragon
 12241 | D:5      | Reached XP level 9. HP: 24/52 MP: 12/12
 12914 | D:6      | Killed Edmund
 12914 | D:6      | Reached skill level 5 in Fighting
 13004 | D:6      | Noticed a phantom
 13047 | D:6      | Killed a phantom
 13051 | D:6      | Reached skill level 7 in Maces & Flails
 13166 | D:6      | Noticed a phantom
 13191 | D:6      | Killed a phantom
 13345 | D:6      | Noticed an ice beast
 13361 | D:6      | Killed an ice beast
 13469 | D:6      | Noticed a phantom
 13487 | D:6      | Killed a phantom
 13487 | D:6      | Reached skill level 5 in Evocations
 13809 | D:7      | Found a flagged portal.
 13853 | Bailey   | Entered a bailey
 14213 | Bailey   | Noticed an orc knight
 14214 | Bailey   | Noticed an orc knight
 14634 | Bailey   | Killed an orc knight
 14634 | Bailey   | Reached skill level 8 in Maces & Flails
 14634 | Bailey   | Reached XP level 10. HP: 60/60 MP: 14/14
 14639 | Bailey   | Reached skill level 5 in Armour
 14649 | Bailey   | HP: 2/90 [orc warrior/halberd (4)]
 14810 | Bailey   | Acquired Trog's second power
 15372 | Bailey   | HP: 1/60 [orc warrior/bardiche (20)]
 16387 | D:7      | Noticed Duvessa
 17048 | D:7      | Killed Duvessa
 17053 | D:7      | Noticed Dowan
 17081 | D:7      | Killed Dowan
 17416 | D:7      | Reached skill level 9 in Maces & Flails
 17873 | D:7      | Found an iron altar of Okawaru.
 18235 | D:7      | Found an ancient bone altar of Kikubaaqudgha.
 18339 | D:7      | Reached XP level 11. HP: 64/67 MP: 16/16
 19309 | D:8      | Found a burning altar of Makhleb.
 19328 | D:8      | Reached skill level 10 in Maces & Flails
 20327 | D:9      | Found a bloodstained altar of Trog.
 20629 | D:9      | Noticed Rayvis's ghost (experienced MiFi)
 20664 | D:9      | Killed Rayvis's ghost
 21559 | D:10     | Entered Level 10 of the Dungeon
 21583 | D:10     | Noticed lazykool's ghost (powerful GrWz)
 22188 | D:10     | Killed lazykool's ghost
 22188 | D:10     | Reached skill level 11 in Maces & Flails
 22426 | D:10     | Found a shattered altar of Ashenzari.
 22817 | D:11     | Noticed a cyclops
 23001 | D:11     | Killed a cyclops
 23001 | D:11     | Reached XP level 12. HP: 31/75 MP: 18/18
 23173 | D:11     | Found a staircase to the Orcish Mines.
 23365 | D:11     | Found a burning altar of Makhleb.
 23517 | D:11     | Found a staircase to the Lair.
 24993 | D:11     | Noticed a cyclops
 25000 | D:11     | Acquired Trog's third power
 25098 | D:11     | Killed a cyclops
 25098 | D:11     | Reached skill level 12 in Maces & Flails
 25553 | D:11     | Noticed Snorg
 25584 | D:11     | Killed Snorg
 25584 | D:11     | Reached skill level 10 in Evocations
 25874 | D:12     | Noticed a skeletal warrior
 25916 | D:12     | Killed a skeletal warrior
 26013 | D:12     | Noticed Azrael
 26038 | D:12     | HP: 3/76 [Azrael/scimitar of flaming (2)]
 26039 | D:12     | Slain by a fire elemental

Vault maps used:
D:1:      tarquinn_simple_flora_water_f, minmay_bisected
D:2:      gammafunk_temple_overflow_forgotten, st_stairs_3
D:3:      uniq_natasha
D:4:      minmay_temple_entry_statues_fountains, first_bread,
          uniq_crazy_yiuf_cottage
D:5:      kennysheep_steamy, nicolae_dithmenos_through_a_glass_darkly,
          uniq_sigmund
D:6:      st_stairs_6, uniq_edmund
D:7:      kennysheep_mini_moat, okawaru_humans, enter_bailey_1, minivault_27,
          hangedman_decor_opposing, the_bakery, uniq_duvessa
D:8:      makhleb_heckhound_becter
D:9:      trog_ov_bears_minmay
D:10:     basic_altar
D:11:     due_lair_maze_entry_diamond, basic_altar, uniq_snorg
D:12:     serial_shops, shop_statue, shop, grunt_ministairs_8,
          serial_bayou_crossing, uniq_azrael
Temple:   circular_temple_12
Bailey:   bailey_polearm_1, bailey

Action                   |  1- 3 |  4- 6 |  7- 9 | 10-12 || total
-------------------------+-------+-------+-------+-------++-------
Melee: Short sword       |   107 |       |       |       ||   107
       Whip              |    37 |    83 |       |       ||   120
       Flail             |       |   146 |   386 |    58 ||   590
       Dagger            |       |       |   112 |       ||   112
       Morningstar       |       |       |       |  1032 ||  1032
Throw: Stone             |    61 |    91 |    72 |   143 ||   367
       Throwing net      |       |       |       |     3 ||     3
Invok: Berserk           |       |       |     4 |    36 ||    40
       Burn Spellbooks   |       |       |     2 |     1 ||     3
       Trog's Hand       |       |       |       |     9 ||     9
Evoke: Wand              |     4 |    26 |    30 |     4 ||    64
  Use: Scroll            |     3 |     2 |     8 |     6 ||    19
       Potion            |       |     3 |     3 |     6 ||    12
 Stab: Sleeping          |     1 |     1 |       |       ||     2
       Paralysed         |       |       |     5 |       ||     5
       Distracted        |       |       |       |     1 ||     1
  Eat: Chunk             |    14 |    17 |    26 |    71 ||   128
